 Dungeon Crawl Stone Soup version 0.24.0-35-gdb84b6a5db (webtiles) character file.

Game seed: 7351506577912039990, levelgen mode: deterministic

274 Nattfarinn the Changer (level 6, 0/38 HPs)
             Began as an Octopode Transmuter on Nov 18, 2019.
             Slain by an orc
             ... wielding a +0 trident
              (8 damage)
             ... on level 4 of the Dungeon.
             The game lasted 00:08:11 (3197 turns).

Nattfarinn the Changer (Octopode Transmuter)        Turns: 3197, Time: 00:08:12

Health: 0/38       AC:  2    Str: 11    XL:     6   Next: 24%
Magic:  2/9        EV: 20    Int: 15    God:
Gold:   140        SH:  0    Dex: 18    Spells: 5/9 levels left

rFire    . . .     SeeInvis .     - Unarmed
rCold    . . .     Gourm    .   (shield currently unavailable)
rNeg     . . .     Faith    .   (helmet currently unavailable)
rPois    x         Spirit   .   (no amulet)
rElec    .         Reflect  .   (no ring)
rCorr    .         Harm     .   (no ring)
MR       .....                  (no ring)
Stlth    ++........             (no ring)
HPRegen  0.12/turn              (no ring)
MPRegen  0.11/turn              (no ring)
                                (no ring)
                                (no ring)

@: spider-form, slowed, very slow
A: tiny, almost no armour, stealthy swim, (amphibious), 8 rings, (constrict 8)
a: End Transformation


You were on level 4 of the Dungeon.
You were hungry.
You were a venomous arachnid creature.
You visited 1 branch of the dungeon, and saw 4 of its levels.

You collected 140 gold pieces.

Inventory:

Missiles
 a - 52 arrows
Jewellery
 o - a cursed +5 ring of protection {unknown}
Scrolls
 f - 2 scrolls of enchant armour
 h - a scroll of noise {unknown}
 j - 2 scrolls of magic mapping
 m - a scroll of identify
 n - 4 scrolls of teleportation {unknown}
Potions
 b - a potion of brilliance
 d - a potion of ambrosia
 g - a potion of flight
 i - a potion of mutation {unknown}
 l - 2 potions of cancellation {unknown}
Comestibles
 c - 5 rations
 k - 2 chunks of flesh


   Skills:
 - Level 1.0 Fighting
 - Level 2.0 Dodging
 + Level 3.6 Unarmed Combat
 - Level 2.0 Spellcasting
 * Level 5.3 Transmutations
 + Level 3.0 Poison Magic


You had 5 spell levels left.
You knew the following spells:

 Your Spells              Type           Power        Failure   Level  Hunger
a - Beastly Appendage     Tmut           ###...       10%         1    #......
b - Spider Form           Tmut/Pois      ##........   28%         3    ###....

Your spell library contained the following spells:

 Spells                   Type           Power        Failure   Level  Hunger
 Sticks to Snakes         Tmut           ###.....     12%         2    ###....
 Magic Dart               Conj           #...         43%         1    #......
 Blink                    Tloc           N/A          54%         2    ###....
 Call Imp                 Summ           #.......     54%         2    ###....
 Slow                     Hex            #.......     54%         2    ###....
 Mephitic Cloud           Conj/Pois/Air  #.......     63%         3    ###....
 Conjure Flame            Conj/Fire      #.......     75%         3    ###....
 Blade Hands              Tmut           ###.......   77%         5    ######.
 Ice Form                 Ice/Tmut       #.......     78%         4    #####..


Dungeon Overview and Level Annotations

Branches:
Dungeon (4/15)
 Temple: D:4-7

Altars:
Dithmenos


Innate Abilities, Weirdness & Mutations

You cannot wear most types of armour.
You are very stealthy in the water. (Stealth+)
((You are amphibious.))
You can wear up to eight rings at the same time.
((You can use your tentacles to constrict eight enemies at once.))
((Your skin changes colour to match your surroundings (Stealth+).))
((Your rubbery body absorbs attacks. (AC +1, EV +1)))


Message History

You tentacle-slap the orc wizard, but do no damage.
You squeeze the orc wizard!
The orc wizard is severely wounded.
You constrict the orc wizard. The orc wizard casts a spell at you.
You feel yourself slow down.
Your magical contamination has completely faded away.
You tentacle-slap the orc wizard but do no damage.
You squeeze the orc wizard, but do no damage.
The orc wizard is almost dead.
You constrict the orc wizard.
You kill the orc wizard!
Your Poison Magic skill increases to level 3!
The orc barely misses you.
Okay, then.
Casting: Spider Form (safe; 12% risk of failure)
Confirm with . or Enter, or press ? or * to list all spells.
You turn into a venomous arachnid creature.
The orc hits you from afar with a +0 trident!
You die...

.# #.#.###+######.
.#####.#.# .........
.......#.# ......
########.## ....
....##.....#+#'# #..###
#.....).####.# ..#.#..
#........#
#.#.###.)#######.#
#.....#..o.s.....#
###.#.##.#########. .
#.###......#........ #
#....##.##...#.#..####
#
#....+...)...........#
#..#....####..###.#...#
...#....##............#
##.#....##.##.#####.#.#
##.#....#.....#####.#.#


You could see an orc.

Vanquished Creatures
  An ogre (D:4)
  2 orc wizards (D:4)
  Robin (D:3)
  4 adders
  An ooze (D:1)
  An adder skeleton (D:3)
  2 dart slugs
  2 leopard geckos (D:1)
  6 orcs
  8 giant cockroaches
  13 goblins
  14 hobgoblins
  A jackal (D:1)
  A quokka (D:2)
  3 bats
  4 frilled lizards
  7 kobolds
  2 rats
73 creatures vanquished.

Notes
Turn   | Place    | Note
-------+----------+-------------------------------------------
     0 | D:1      | Nattfarinn the Octopode Transmuter began the quest for the
                  | Orb.
     0 | D:1      | Reached XP level 1. HP: 13/13 MP: 3/3
   173 | D:1      | Reached XP level 2. HP: 8/18 MP: 3/5
   485 | D:1      | Reached skill level 3 in Transmutations
   639 | D:1      | Reached XP level 3. HP: 19/23 MP: 4/6
   932 | D:2      | Learned a level 3 spell: Spider Form
  1145 | D:2      | Found a shadowy altar of Dithmenos.
  1464 | D:2      | Reached skill level 1 in Poison Magic
  1484 | D:2      | Reached skill level 4 in Transmutations
  1532 | D:2      | Reached XP level 4. HP: 23/28 MP: 7/7
  2528 | D:3      | Noticed Robin
  2534 | D:3      | Killed Robin
  2534 | D:3      | Reached XP level 5. HP: 7/33 MP: 5/8
  3167 | D:4      | Noticed an ogre
  3179 | D:4      | Killed an ogre
  3179 | D:4      | Reached skill level 5 in Transmutations
  3185 | D:4      | Reached XP level 6. HP: 14/38 MP: 3/9
  3197 | D:4      | Slain by an orc

Levels and vault maps discovered:
D:1:      dpeg_arrival_chambers_temple_mockup, layout_rooms, minmay_pentomino_r4
D:2:      layout_loops_cross, grunt_dithmenos_smoke_and_mirrors, feat_on_display
D:3:      layout_basic, first_ration, uniq_robin
D:4:      layout_basic, kennysheep_slug_shrine

Skill      XL: |  1  2  3  4  5  6 |
---------------+-------------------+-----
Transmutations | 3 4 5 |  5.3
Poison Magic   | 1 2 3 |  3.0
Fighting       | |  1.0
Dodging        | |  2.0
Unarmed Combat | |  3.6
Spellcasting   | |  2.0

Action                   |  1- 3 |  4- 6 || total
-------------------------+-------+-------++-------
Melee: Unarmed           |    84 |    90 ||   174
       Constrict         |    18 |    17 ||    35
       Kick              |     3 |       ||     3
       Tentacles         |     6 |    11 ||    17
       Punch             |     1 |     1 ||     2
 Cast: Beastly Appendage |     4 |       ||     4
       Spider Form       |       |     5 ||     5
  Use: Scroll            |     4 |     2 ||     6
       Potion            |     1 |     1 ||     2
 Stab: Sleeping          |     1 |     4 ||     5
  Eat: Chunk             |     2 |     5 ||     7
Armor: Skin              |     3 |     5 ||     8
Dodge: Dodged            |    57 |    42 ||    99
